cohdb
Replays
Latest Replays
All Replays
Popular Replays
Top Player Replays
Match Explorer
How It Works
Community
CoH3 Stats
Reddit
Sign in to upload your games and track your stats! →
Sign in with Steam
Match 41401178
Unlisted
Match 41401178
Overview
Messages
Build Orders
End
Construct Section Command Post
Vickers Machine Gun Team
Infantry Section
Infantry Section
Vickers Machine Gun Team
Construct Platoon Command Post
Humber Armored Car
Selects Canadian Shock Battlegroup
Selects Attacking Spirit
Selects Canadian Shock Section
Selects Incendiary Munitions
Canadian Shock Section
CMP 15cwt Truck
Selects Pyrotechnics
Construct Company Command Post
6-pounder Anti-tank Gun Team
Construct Company Command Post
Unlock M3 Grant Medium Tanks
M3 Grant Medium Tank
M3 Grant Medium Tank
[HAN]Diederick Kastner
Whiteweedoo
s9405167
帝国の突撃隊
[GNK48]李陈峰团队
铁皮尔马斯克
古希腊掌管暹罗猫的神
虚コン菜々子
0
0
Comments
sign in to comment!
No comments posted yet!